 Dungeon Crawl Stone Soup version 0.27.1-16-g815e20cd7a (webtiles) character file.

Game seed: 5770595190823753650

619 bellerephron the Chopper (level 7, -6/54 HPs)
             Began as a Demonspawn Berserker on Nov 22, 2021.
             Was a Believer of Trog.
             Mangled by an ogre (19 damage)
             ... on level 5 of the Dungeon.
             The game lasted 00:08:31 (5221 turns).

bellerephron the Chopper (Demonspawn Berserker)     Turns: 5221, Time: 00:08:31

Health: -6/54      AC: 12    Str: 20    XL:     7   Next: 21%
Magic:  7/7        EV:  6    Int:  8    God:    Trog [**....]
Gold:   85         SH:  4    Dex: 14    Spells: 6/6 levels left

rFire    . . .     SeeInvis .   a - +0 hand axe
rCold    . . .     Faith    .   k - +0 buckler
rNeg     . . .     Spirit   .   m - +0 plate armour
rPois    .         Reflect  .   (no helmet)
rElec    .         Harm     .   (no cloak)
rCorr    .         Rampage  .   (no gloves)
Will     .....                  b - +0 pair of boots
Stlth    ..........             (no amulet)
HPRegen  0.18/turn              (no ring)
MPRegen  0.10/turn              (no ring)

@: no status effects
A: thin skeletal structure 1, foul stench 2
a: Renounce Religion, Berserk, Trog's Hand


You were on level 5 of the Dungeon.
You worshipped Trog.
Trog was pleased with you.
You visited 2 branches of the dungeon, and saw 6 of its levels.

You collected 211 gold pieces.
You spent 126 gold pieces at shops.

Inventory:

Hand Weapons
 a - a +0 hand axe (weapon)
Missiles
 d - 3 javelins
 i - 111 stones (quivered)
 q - 41 poisoned darts
 u - 4 boomerangs
Armour
 b - a +0 pair of boots (worn)
 c - a +0 ring mail
 k - a +0 buckler (worn)
 m - a +0 plate armour (worn)
Scrolls
 e - 2 scrolls of amnesia {unknown}
 h - a scroll of vulnerability {unknown}
 j - a scroll of immolation {unknown}
 l - 2 scrolls of silence
 o - 4 scrolls of enchant armour
 p - 2 scrolls of teleportation
 r - a scroll of fog {unknown}
Potions
 f - 2 potions of curing
 g - a potion of ambrosia
 n - a potion of heal wounds
 s - 2 potions of might
 t - a potion of resistance {unknown}
 v - a potion of lignification {unknown}


   Skills:
 + Level 4.2 Fighting
 * Level 5.5 Axes
 + Level 3.5 Armour
 + Level 2.3 Dodging
 * Level 2.3 Shields


You had 6 spell levels left.
You didn't know any spells.
Your spell library was empty.

Dungeon Overview and Level Annotations

Branches:
Dungeon (5/15)             Temple (1/1) D:4

Altars:
Ashenzari
Cheibriados
Elyvilon
Fedhas
Gozag
Kikubaaqudgha
Nemelex Xobeh
Qazlal
Ru
Sif Muna
Trog
Uskayaw
Vehumet
Wu Jian
Yredelemnul

Shops:
D:1 ?   D:3 !   D:4 =


Innate Abilities, Weirdness & Mutations

You have a somewhat thin skeletal structure. (Dex +2, Stealth+)
You sometimes emit foul miasma when damaged in melee.


Message History

You slash the hound!
The hound is heavily wounded.
The hound is engulfed in dark miasma.
The hound is poisoned.
The hound bites you but does no damage.
The hound is engulfed in dark miasma.
The hound looks even sicker.
You block the hound's attack.
You hit the hound.
You kill the hound!
Trog accepts your kill. The ogre hits you with a +0 giant club!
You barely miss the ogre. The ogre barely misses you.
You hit the ogre.
The ogre is lightly wounded.
You barely miss the ogre.
The ogre is lightly wounded.
The ogre barely misses you.
You slash the ogre!
The ogre is moderately wounded.
The ogre hits you with a +0 giant club.
You barely miss the ogre.
The ogre is moderately wounded.
The ogre hits you with a +0 giant club!
You barely miss the ogre.
The ogre is moderately wounded.
The ogre barely misses you.
You hit the ogre.
The ogre is heavily wounded.
You block the ogre's attack.
Your plate armour prevents you from hitting the ogre.
The ogre is heavily wounded.
You hit the ogre.
The ogre is severely wounded.
You block the ogre's attack.
You closely miss the ogre.
The ogre is severely wounded.
The ogre hits you with a +0 giant club!
* * * LOW HITPOINT WARNING * * *
You barely miss the ogre.
The ogre is severely wounded.
The ogre hits you with a +0 giant club!!
You die...

....+...........#
....#...........#......#
...##..######..##......#
...##..###.##..# ......#
........#......# .....#
........#.<....# .....#
>..##..###.##..# .....##
#####..###.##..##.......
...##......#....@O......
...#.......#...##.....##
...'.......+...# .....#
...##.(##..##..# .......
...##..# ..##+## .......
........# .+ .....##
........# .# .....#
........# .....+
........#


You could see an ogre.

Vanquished Creatures
  2 black bears
  An ice beast (D:5)
  4 hounds
  A centaur skeleton (D:4)
  2 orc wizards (D:5)
  6 adders
  2 adder skeletons
  3 dart slugs
  8 orcs
  5 ball pythons
  4 endoplasms
  4 giant cockroaches
  2 goblins
  3 hobgoblins
  10 jackals
  3 quokkas
  3 bats
  6 frilled lizards
  5 kobolds
  5 rats
79 creatures vanquished.

Vanquished Creatures (others)
  A demonic plant (D:1)
  7 fungi (D:1)
  10 plants (D:1)
  A withered plant (D:1)
19 creatures vanquished.

Grand Total: 98 creatures vanquished

Notes
Turn   | Place    | Note
-------+----------+-------------------------------------------
     0 | D:1      | bellerephron the Demonspawn Berserker began the quest for
                  | the Orb.
     0 | D:1      | Reached XP level 1. HP: 18/18 MP: 1/1
   315 | D:1      | Reached skill level 3 in Axes
   519 | D:1      | Gained mutation: You may rarely emit foul miasma when
                  | damaged in melee. [demonic ancestry]
   519 | D:1      | Reached XP level 2. HP: 24/24 MP: 2/2
   684 | D:1      | Found a faded altar of an unknown god.
   706 | D:1      | Reached ** piety under Trog
   766 | D:1      | Reached XP level 3. HP: 29/29 MP: 3/3
   910 | D:1      | Found Qocazxorr's Magic Scroll Emporium.
   914 | D:1      | Bought a scroll of identify for 28 gold pieces
  1671 | D:2      | Found a sparkling altar of Nemelex Xobeh.
  2286 | D:3      | Found a shimmering blue altar of Sif Muna.
  2371 | D:3      | Found a stormy altar of Qazlal.
  2372 | D:3      | Found a blossoming altar of Fedhas.
  2373 | D:3      | Found a snail-covered altar of Cheibriados.
  2431 | D:3      | Found Usehifro's Distillery.
  2437 | D:3      | Bought a potion of curing for 42 gold pieces
  2437 | D:3      | Bought a potion of might for 56 gold pieces
  2602 | D:3      | Reached XP level 4. HP: 35/35 MP: 4/4
  3386 | D:4      | Found Wugayr's Jewellery Shoppe.
  3404 | D:4      | Reached skill level 4 in Axes
  3428 | D:4      | Reached skill level 1 in Shields
  3654 | D:4      | Noticed a black bear
  3668 | D:4      | Killed a black bear
  3669 | D:4      | Reached XP level 5. HP: 42/42 MP: 5/5
  3721 | D:4      | Found a staircase to the Ecumenical Temple.
  3728 | Temple   | Entered the Ecumenical Temple
  4302 | D:4      | Found a sacrificial altar of Ru.
  4516 | D:4      | Gained mutation: You sometimes emit foul miasma when
                  | damaged in melee. [demonic ancestry]
  4516 | D:4      | Reached XP level 6. HP: 47/48 MP: 6/6
  4703 | D:5      | Entered Level 5 of the Dungeon
  4722 | D:5      | Noticed an ice beast
  4737 | D:5      | Killed an ice beast
  4738 | D:5      | Reached skill level 5 in Axes
  5154 | D:5      | Gained mutation: You have a somewhat thin skeletal
                  | structure. (Dex +2, Stealth+) [demonic ancestry]
  5154 | D:5      | Reached XP level 7. HP: 54/54 MP: 7/7
  5221 | D:5      | Mangled by an ogre

Illustrated notes

Levels and vault maps discovered:
D:1:      roderic_crossed_star, layout_basic, serial_shops, nicolae_shop_stone,
          shapermc_ecumenical_altar_gd
D:2:      layout_basic, basic_altar
D:3:      layout_basic, grunt_temple_overflow_open, serial_shops, shop_statue,
          serial_glass, glass_columns_a, glass_columns_c, minivault_19
D:4:      layout_loops_ring, nicolae_overflow_crystal_walls,
          minmay_temple_entry_slanted, serial_shops,
          nicolae_shop_competitors_out_of_business
D:5:      layout_gridville, regret_index_temple_of_mockery,
          amethyst_overflow_temple_binary, guppyfry_early_lair_pool
Temple:   compressed_dpeg_triangle_lava_temple

Skill      XL: |  1  2  3  4  5  6 |
---------------+-------------------+-----
Axes           | 3 4 5 |  5.5
Dodging        | 2 |  2.3
Armour         | 2 3 |  3.5
Shields        | 1 2 |  2.3
Fighting       | 4 |  4.2

Action                   |  1- 3 |  4- 6 |  7- 9 || total
-------------------------+-------+-------+-------++-------
Melee: Hand axe          |   119 |   153 |    18 ||   290
Throw: Stone             |     1 |       |       ||     1
Invok: Berserk           |     4 |     4 |       ||     8
  Use: Scroll            |       |     5 |       ||     5
Armor: Ring mail         |    34 |       |       ||    34
       Animal skin       |     1 |       |       ||     1
       Plate armour      |    42 |   125 |     7 ||   174
Dodge: Dodged            |    72 |    34 |     3 ||   109
Block: Buckler           |     5 |    26 |     5 ||    36
